 Dungeon Crawl Stone Soup version 0.31-a0-698-g4a7cf283bb (webtiles) character file.

Game seed: 3134160954260710506

59 qw the Shooter (level 4, 0/28 HPs)
             Began as a Gargoyle Hunter on Sept 7, 2023.
             Slain by Ijyb
             ... wielding a +0 dagger
              (1 damage)
             ... on level 3 of the Dungeon.
             The game lasted 00:00:36 (1551 turns).

qw the Shooter (Gargoyle Hunter)                    Turns: 1551, Time: 00:00:37

Health: 0/28       AC:  6    Str: 14    XL:     4   Next: 3%
Magic:  4/4        EV:  8    Int: 10    God:
Gold:   111        SH:  0    Dex: 15    Spells: 3/3 levels left

rFire   . . .        Y - +0 shortbow
rCold   . . .        (shield currently unavailable)
rNeg    + . .        c - +0 leather armour
rPois   inf          (no helmet)
rElec   +            (no cloak)
rCorr   .            (no gloves)
SInv    .            (no boots)
Will    .....        (no amulet)
Stlth   ++           (no ring)
HPRegen 0.24/turn    (no ring)
MPRegen 0.09/turn

%: no passive effects
@: about to teleport, grasped by roots, constricted
A: sickness immunity, AC +3, negative energy resistance 1, electricity
resistance, torment resistance 1, petrification resistance
a: no special abilities


You were on level 3 of the Dungeon.
You visited 1 branch of the dungeon, and saw 3 of its levels.

You collected 111 gold pieces.


Innate Abilities, Weirdness & Mutations

You are immune to sickness and miasma.
Your stone body is resilient. (AC +3)
You are immune to poison.
You resist negative energy. (rN+)
You are resistant to electric shocks. (rElec)
You are resistant to unholy torment.
You are immune to petrification.


   Skills:
 - Level 3.0 Fighting
 + Level 5.1 Ranged Weapons
 - Level 1.5 Dodging
 - Level 1.1 Stealth


You had 3 spell levels left.
You didn't know any spells.
Your spell library was empty.

Inventory:

Hand Weapons
 Y - a +0 shortbow (weapon)
Armour
 c - a +0 leather armour (worn)
Potions
 g - a potion of haste {unknown}
 h - a potion of enlightenment {unknown}
 i - a potion of might {unknown}

Dungeon Overview and Level Annotations

Branches:
Dungeon (3/15)

Altars:

Shops:
D:3 :

Annotations:
D:3 Ijyb


Message History

You shoot an arrow.
The arrow hits the bat but does no damage.
You shoot an arrow. The arrow hits the bat.
You kill the bat!
Ijyb the Twisted Goblin comes into view.
She is wielding a +0 dagger and carrying a wand of roots.
You shoot an arrow. The arrow hits Ijyb but does no damage.
Ijyb shouts!
You shoot an arrow. The arrow hits Ijyb.
Ijyb is lightly wounded.
You shoot an arrow. The arrow barely misses Ijyb.
Ijyb zaps a wand.
The roots erupt in riotous growth!
The grasping roots grab you! The grasping roots constrict you.
You shoot an arrow. The arrow hits Ijyb.
Ijyb is moderately wounded.
The grasping roots constrict you. x2
You shoot an arrow. The arrow closely misses Ijyb.
The grasping roots constrict you.
You shoot an arrow. The arrow hits Ijyb.
Ijyb is moderately wounded.
The grasping roots constrict you.
The grasping roots release their grip on you.
You shoot an arrow. The arrow hits Ijyb but does no damage.
Ijyb is moderately wounded.
Ijyb hits you with a +0 dagger.
You shoot an arrow. The arrow hits Ijyb but does no damage.
Ijyb is moderately wounded.
Ijyb hits you but does no damage.
You shoot an arrow. The arrow hits Ijyb but does no damage.
Ijyb is moderately wounded.
Ijyb zaps a wand.
The roots erupt in riotous growth!
The grasping roots grab you!
Ijyb is unaffected.
The grasping roots constrict you.
1550 ||| READING scroll of teleportation.
As you read the scroll of teleportation, it crumbles to dust.
You feel strangely unstable. Ijyb hits you but does no damage.
The grasping roots constrict you.
You shoot an arrow. The arrow barely misses Ijyb.
Ijyb hits you with a +0 dagger.
You die...

.. #............
####.# #.##########.
...... ####.# #.
#.... #....# ##.
#....##+#..# ##..
.....+\'..########...
#..#'#........#....
#.#%.##.#.......}..
#.@.###.######.%...
#g#.# #.##..)'##.##
.....# ###<.}..##.#
#......# ##?..##...
#......# ##### .}.#
........# ...#
.##.####.# <## #. #.#


You could see Ijyb.

Vanquished Creatures
  A worm (D:3)
  3 dart slugs
  3 ball pythons
  4 endoplasms
  2 giant cockroaches
  2 goblins (D:1)
  8 hobgoblins
  A jackal (D:1)
  3 quokkas
  5 bats
  A frilled lizard (D:1)
  7 kobolds
  6 rats
46 creatures vanquished.

Notes
Turn   | Place    | Note
-------+----------+-------------------------------------------
     0 | D:1      | qw the Gargoyle Hunter began the quest for the Orb.
     0 | D:1      | Reached XP level 1. HP: 12/12 MP: 1/1
     0 | D:1      | 0 ||| qw: Version: 0.3-a-76-g4403597
     0 | D:1      | 0 ||| qw: Game counter: 384
     0 | D:1      | 0 ||| qw: Melee chars always use a shield: true
     0 | D:1      | 0 ||| qw: God list: Okawaru
     0 | D:1      | 0 ||| qw: Allow faded altars: false
     0 | D:1      | 0 ||| qw: Do Orc after clearing Dungeon:15 true
     0 | D:1      | 0 ||| qw: Do second Lair branch before Depths: true
     0 | D:1      | 0 ||| qw: Lair rune preference: random
     0 | D:1      | 0 ||| qw: Goals: Normal
     0 | D:1      | 0 ||| PLANNING D:1-11
   103 | D:1      | Reached XP level 2. HP: 17/17 MP: 2/2
   506 | D:1      | Reached XP level 3. HP: 21/21 MP: 3/3
   564 | D:1      | Reached skill level 5 in Ranged Weapons
   883 | D:1      | 883 ||| READING scroll labelled REESME XAUDEST.
   886 | D:1      | 886 ||| READING scroll labelled XUETZU APO.
   887 | D:1      | 887 ||| READING scroll labelled VESIDUI WOZOT.
   888 | D:1      | 888 ||| READING scroll labelled QOWKAMP HEGA.
   889 | D:1      | 889 ||| READING scroll labelled UPITAA CYACW.
   890 | D:1      | 890 ||| DROPPING scroll of butterflies.
   935 | D:2      | 935 ||| FLEEEEING.
   936 | D:2      | 936 ||| FLEEEEING.
   937 | D:2      | 937 ||| FLEEEEING.
  1304 | D:2      | Reached skill level 3 in Fighting
  1357 | D:2      | 1357 ||| READING scroll labelled JABLATYECYO.
  1458 | D:2      | 1458 ||| READING scroll labelled SACZAL PIRRA.
  1459 | D:2      | 1459 ||| READING scroll labelled NOCVET BOME.
  1460 | D:2      | 1460 ||| READING scroll labelled GITUUTHREDESH.
  1461 | D:2      | 1461 ||| READING scroll labelled GINOQU ECRUNIP.
  1523 | D:3      | Found Vibaquth's Book Shoppe.
  1535 | D:3      | Reached XP level 4. HP: 28/28 MP: 4/4
  1540 | D:3      | Noticed Ijyb
  1549 | D:3      | HP: 7/28 [constriction (3)]
  1550 | D:3      | 1550 ||| READING scroll of teleportation.
  1550 | D:3      | HP: 1/28 [constriction (6)]
  1551 | D:3      | Slain by Ijyb

Levels and vault maps discovered:
D:1:      dpeg_chamrin_arrival_tetris, layout_loops_ring, minivault_5
D:2:      layout_rooms, minmay_misc_feat_room
D:3:      layout_loops_ring, nicolae_uskayaw_murder_on_the_dancefloor,
          tgw_kikubaaqudgha, serial_shops, nicolae_shop_behind_doors,
          minivault_24, grunt_ministairs_4, uniq_ijyb, uniq_grinder

Skill      XL: |  1  2  3 |
---------------+----------+-----
Ranged Weapons | 5 |  5.1
Fighting       | 3 |  3.0
Dodging        | |  1.5
Stealth        | |  1.1

Action                     |  1- 3 |  4- 6 || total
---------------------------+-------+-------++-------
   Fire: Shortbow          |   130 |    12 ||   142
    Use: Scroll            |    10 |     1 ||    11
 Armour: Leather armour    |    25 |     4 ||    29
  Dodge: Dodged            |    31 |       ||    31

Table legend:
 A = Non-vault XP
 B = Vault XP
 C = Vault XP percentage of total XP
 D = Non-vault monster count
 E = Vault monster count
 F = Vault count percentage of total count
                 A         B        C        D         E       F
            +---------+---------+-------+---------+---------+-------
      Total |      80 |       5 |   5.9 |      45 |       1 |   2.2
            +---------+---------+-------+---------+---------+-------
        D:1 |      44 |       0 |   0.0 |      27 |       0 |   0.0
        D:2 |      27 |       0 |   0.0 |      14 |       0 |   0.0
        D:3 |       9 |       5 |  35.7 |       4 |       1 |  20.0
            +---------+---------+-------+---------+---------+-------
